 Dungeon Crawl Stone Soup version 0.31.0 (webtiles) character file.

Game seed: 18330079421103161350

735 qw the Skirmisher (level 7, 0/44 HPs)
             Began as a Gargoyle Hunter on Jan 19, 2024.
             Slain by a howler monkey (4 damage)
             ... on level 4 of the Dungeon.
             The game lasted 00:00:17 (2802 turns).

qw the Skirmisher (Gargoyle Hunter)                 Turns: 2802, Time: 00:00:17

Health: 0/44       AC: 10    Str: 20    XL:     7   Next: 74%
Magic:  7/7        EV: 11    Int: 10    God:
Gold:   156        SH:  5    Dex: 15    Spells: 6/6 levels left

rFire   . . .        a - +0 shortbow
rCold   . . .        (shield currently unavailable)
rNeg    + . .        i - +0 ring mail
rPois   inf          (no helmet)
rElec   +            (no cloak)
rCorr   .            (no gloves)
SInv    .            (no boots)
Will    .....        l - amulet of reflection
Stlth   +            j - +6 ring of strength
HPRegen 0.27/turn    (no ring)
MPRegen 0.10/turn

%: reflection
@: no status effects
A: sickness immunity, AC +4, negative energy resistance 1, electricity
resistance, torment resistance 1, petrification resistance, screaming 1
a: no special abilities


You were on level 4 of the Dungeon.
You visited 2 branches of the dungeon, and saw 5 of its levels.

You collected 156 gold pieces.


Innate Abilities, Weirdness & Mutations

You are immune to sickness and miasma.
Your stone body is resilient. (AC +4)
You are immune to poison.
You resist negative energy. (rN+)
You are resistant to electric shocks. (rElec)
You are resistant to unholy torment.
You are immune to petrification.
You occasionally shout uncontrollably at your foes.


   Skills:
 - Level 5.2 Fighting
 - Level 8.0 Ranged Weapons
 - Level 1.0 Armour
 + Level 1.5 Dodging
 - Level 1.1 Stealth


You had 6 spell levels left.
You didn't know any spells.
Your spell library was empty.

Inventory:

Hand Weapons
 a - a +0 shortbow (weapon)
Armour
 i - a +0 ring mail (worn)
Jewellery
 j - a +6 ring of strength (left hand)
 l - an amulet of reflection (around neck)
Wands
 b - a wand of flame (14)
Potions
 d - 2 potions of cancellation
 g - a potion of enlightenment {unknown}
 h - a potion of mutation
 k - a potion of haste {unknown}
 m - 2 potions of curing
 o - 2 potions of magic {unknown}
 q - a potion of resistance {unknown}

Dungeon Overview and Level Annotations

Branches:
Dungeon (4/15)             Temple (1/1) D:4

Altars:
Ashenzari
Cheibriados
Elyvilon
Gozag
Hepliaklqana
Makhleb
Nemelex Xobeh
Ru
Sif Muna
Wu Jian
Xom
Yredelemnul
Zin
The Shining One

Shops:
D:2 [

Annotations:
D:4 Dowan


Message History

Dowan gestures at you while chanting. The shard of ice misses you.
A howler monkey comes into view.
Dowan casts a spell at you. The stone arrow hits you!
The goblin hits you but does no damage.
You shoot an arrow. The arrow closely misses Dowan.
Dowan hits you with a +0 dagger.
The howler monkey hoots and howls with incredible vigour!
The goblin hits you but does no damage.
Dowan gestures wildly while chanting.
Dowan blinks!
You hear an angry hiss.
You hear an angry growl.
You hear a shout!
You hear an angry hiss.
You shoot an arrow.
The arrow hits the goblin but does no damage.
The goblin hits you with a +0 dagger.
You shoot an arrow. The arrow barely misses the goblin.
The arrow closely misses the howler monkey.
You block the goblin's attack.
You shoot an arrow. The arrow misses Dowan.
Dowan barely misses you. You block the goblin's attack. Dowan misses you.
You shoot an arrow. The arrow barely misses Dowan.
You block the goblin's attack. Dowan hits you but does no damage.
You shoot an arrow.
The arrow hits Dowan but does no damage.
Dowan is severely wounded.
Dowan closely misses you. The goblin barely misses you.
Dowan hits you with a +0 dagger.
The howler monkey hoots and howls with incredible vigour!
You hear a shout! x2
You shoot an arrow. The arrow barely misses Dowan.
The arrow hits the howler monkey.
The howler monkey is moderately wounded.
The goblin closely misses you.
Dowan says, "How can I live without her?"
Dowan hits you with a +0 dagger.
You shoot an arrow. The arrow closely misses Dowan.
Dowan hits you but does no damage. The goblin hits you but does no damage.
The howler monkey hits you.
You die...

...........##.#######
#.###..####...>.......
#..# #.##.#####.###
#..# ##.##.# ...
#..###...#.# ###.###
...##..#...# .......
#. #.......# ....#
..........##h...#
.##........@e...#
.........##g...#
.####.....# ....#
#.##.## ....... #. #.#
###.##. #. #.# .# #. #
#.


You could see Dowan (fast), a howler monkey (catching breath) and a goblin.

Vanquished Creatures
  Sigmund (D:3)
  Duvessa (D:4)
  A black bear (D:4)
  A phantom (D:4)
  A hound (D:4)
  2 orc priests (D:4)
  A gnoll bouda (D:4)
  A jelly (D:3)
  5 gnolls (D:4)
  2 adders
  A shadow imp (D:4)
  3 dart slugs
  A ribbon worm (D:3)
  12 orcs
  3 endoplasms (D:2)
  4 giant cockroaches (D:3)
  8 goblins
  6 hobgoblins
  5 jackals (D:3)
  3 ball pythons
  9 bats
  3 frilled lizards
  5 kobolds
  5 rats
84 creatures vanquished.

Notes
Turn   | Place    | Note
-------+----------+-------------------------------------------
     0 | D:1      | qw the Gargoyle Hunter began the quest for the Orb.
     0 | D:1      | Reached XP level 1. HP: 12/12 MP: 1/1
     0 | D:1      | 0 ||| qw: Version: 0.3-a-132-g3d54051
     0 | D:1      | 0 ||| qw: Game counter: 141
     0 | D:1      | 0 ||| qw: Melee chars always use a shield: true
     0 | D:1      | 0 ||| qw: God list: Okawaru
     0 | D:1      | 0 ||| qw: Allow faded altars: false
     0 | D:1      | 0 ||| qw: Do Orc after clearing Dungeon:15 true
     0 | D:1      | 0 ||| qw: Do second Lair branch before Depths: true
     0 | D:1      | 0 ||| qw: Lair rune preference: random
     0 | D:1      | 0 ||| qw: Goals: Normal
     0 | D:1      | 0 ||| PLANNING D:1-11
   204 | D:1      | Reached XP level 2. HP: 17/17 MP: 2/2
   647 | D:1      | 647 ||| UPGRADING to +0 ring mail.
   657 | D:1      | 657 ||| DROPPING +0 leather armour.
   658 | D:1      | 658 ||| READING scroll labelled NIMINL DYDIANI.
   659 | D:1      | 659 ||| READING 2 scrolls labelled WES LU ZIA.
   659 | D:1      | 659 ||| IDENTIFYING viscous blue potion
   660 | D:1      | 660 ||| READING scroll of identify.
   660 | D:1      | 660 ||| IDENTIFYING 2 ruby potions
   661 | D:1      | 661 ||| READING scroll labelled LOSEKE BUVEANN.
   662 | D:1      | 662 ||| DRINKING 2 yellow potions.
   662 | D:1      | Gained mutation: You occasionally shout uncontrollably at
                  | your foes. [potion of mutation]
   663 | D:1      | 663 ||| DROPPING scroll of butterflies.
   724 | D:2      | Identified the +6 short sword "Aubergine" {elec, Str+2
                  | Int+5 Dex+3}
   798 | D:2      | Reached XP level 3. HP: 21/21 MP: 3/3
   842 | D:2      | Reached skill level 1 in Armour
   912 | D:2      | Found Witauschy's Antique Armour Emporium.
   917 | D:2      | 917 ||| SHOPLISTING cloak (103 gold, have 59).
   946 | D:2      | Found a faded altar of an unknown god.
   962 | D:2      | 962 ||| FLEEEEING.
  1125 | D:2      | Reached skill level 5 in Ranged Weapons
  1371 | D:2      | 1371 ||| UPGRADING to amulet of reflection.
  1376 | D:2      | 1376 ||| UPGRADING to +6 ring of strength.
  1377 | D:2      | 1377 ||| READING scroll of identify.
  1377 | D:2      | 1377 ||| IDENTIFYING purple potion
  1378 | D:2      | 1378 ||| READING scroll labelled JIUCHI JIALIZ.
  1379 | D:2      | 1379 ||| READING scroll labelled TUGUECI PUOD.
  1380 | D:2      | 1380 ||| DROPPING potion of degeneration.
  1422 | D:3      | 1422 ||| STAIRDANCE
  1427 | D:3      | 1427 ||| STAIRDANCE
  1450 | D:3      | Noticed Sigmund
  1455 | D:3      | Reached XP level 4. HP: 21/27 MP: 4/4
  1458 | D:3      | Killed Sigmund
  1459 | D:3      | Reached XP level 5. HP: 19/35 MP: 5/5
  1459 | D:3      | 1459 ||| FLEEEEING.
  1461 | D:3      | 1461 ||| STAIRDANCE
  1667 | D:3      | Found a snail-covered altar of Cheibriados.
  1772 | D:3      | Reached XP level 6. HP: 40/40 MP: 6/6
  2111 | D:3      | 2111 ||| FLEEEEING.
  2252 | D:3      | 2252 ||| READING 2 scrolls labelled MEGRUI WIETOZI.
  2256 | D:3      | 2256 ||| READING scroll labelled HIMIUMNEJY.
  2257 | D:3      | 2257 ||| DRINKING 3 murky clear potions.
  2258 | D:3      | 2258 ||| DRINKING 2 sapphire potions.
  2259 | D:3      | 2259 ||| DRINKING 2 potions of curing.
  2259 | D:3      | 2259 ||| (to cure confusion)
  2260 | D:3      | 2260 ||| DROPPING potion of ambrosia.
  2272 | D:4      | Noticed a black bear
  2273 | D:4      | 2273 ||| ZAPPING wand of flame (18) at -1,7 (black bear;
                  | floor).
  2274 | D:4      | 2274 ||| ZAPPING wand of flame (17) at -1,6 (black bear;
                  | floor).
  2275 | D:4      | 2275 ||| ZAPPING wand of flame (16) at -1,5 (black bear;
                  | floor).
  2276 | D:4      | 2276 ||| ZAPPING wand of flame (15) at 0,4 (black bear;
                  | floor).
  2276 | D:4      | Killed a black bear
  2277 | D:4      | Reached skill level 6 in Ranged Weapons
  2332 | D:4      | 2332 ||| RETREEEEATING.
  2359 | D:4      | HP: 10/40 [gnoll/+0 spear[a gnoll bouda] (4)]
  2360 | D:4      | 2360 ||| READING scroll of teleportation.
  2361 | D:4      | 2361 ||| DRINKING potion of heal wounds.
  2365 | D:4      | 2365 ||| FLEEEEING.
  2366 | D:4      | 2366 ||| STAIRDANCE
  2427 | D:4      | Reached XP level 7. HP: 44/44 MP: 7/7
  2458 | D:4      | Found a staircase to the Ecumenical Temple.
  2459 | D:4      | 2459 ||| PLANNING TEMPLE
  2465 | Temple   | Entered the Ecumenical Temple
  2466 | Temple   | 2466 ||| PLANNING D:1-11
  2488 | D:4      | HP: 7/44 [orc priest/divine providence (12)]
  2494 | D:4      | HP: 6/44 [orc priest/+0 short sword (3)]
  2497 | D:4      | Reached skill level 7 in Ranged Weapons
  2497 | D:4      | 2497 ||| FLEEEEING.
  2565 | D:4      | 2565 ||| FLEEEEING.
  2566 | D:4      | 2566 ||| FLEEEEING.
  2567 | D:4      | 2567 ||| FLEEEEING.
  2568 | D:4      | 2568 ||| FLEEEEING.
  2569 | D:4      | 2569 ||| FLEEEEING.
  2572 | D:4      | 2572 ||| FLEEEEING.
  2573 | D:4      | 2573 ||| FLEEEEING.
  2574 | D:4      | 2574 ||| FLEEEEING.
  2575 | D:4      | 2575 ||| FLEEEEING.
  2576 | D:4      | 2576 ||| FLEEEEING.
  2577 | D:4      | 2577 ||| FLEEEEING.
  2582 | D:4      | 2582 ||| FLEEEEING.
  2583 | D:4      | 2583 ||| FLEEEEING.
  2584 | D:4      | 2584 ||| FLEEEEING.
  2585 | D:4      | 2585 ||| FLEEEEING.
  2587 | D:4      | 2587 ||| FLEEEEING.
  2588 | D:4      | 2588 ||| FLEEEEING.
  2591 | D:4      | 2591 ||| STAIRDANCE
  2647 | D:4      | 2647 ||| FLEEEEING.
  2649 | D:4      | 2649 ||| STAIRDANCE
  2771 | D:4      | Noticed Duvessa
  2777 | D:4      | Noticed Dowan
  2791 | D:4      | Killed Duvessa
  2792 | D:4      | Reached skill level 8 in Ranged Weapons
  2795 | D:4      | HP: 9/44 [Dowan/+0 dagger (3)]
  2800 | D:4      | HP: 4/44 [Dowan/+0 dagger (4)]
  2802 | D:4      | Slain by a howler monkey

Levels and vault maps discovered:
D:1:      onia_arrival_mini_maze_b, layout_basic, grunt_decor_cap
D:2:      cheibrodos_old_hovel, layout_basic, serial_shops, shop_fountains,
          shapermc_ecumenical_altar_ellora
D:3:      layout_loops_ring, old_standard_altar, minmay_misc_feat_roman,
          uniq_sigmund
D:4:      layout_loops_ring, nicolae_uskayaw_en_pointe,
          minmay_temple_entry_tees, uniq_crazy_yiuf_cottage, uniq_duvessa
Temple:   dshaligram_water_room_temple

Skill      XL: |  1  2  3  4  5  6  7 |
---------------+----------------------+-----
Armour         | 1 |  1.0
Ranged Weapons | 5 6 8 |  8.0
Fighting       | 5 |  5.2
Dodging        | |  1.5
Stealth        | |  1.1

Action                     |  1- 3 |  4- 6 |  7- 9 || total
---------------------------+-------+-------+-------++-------
   Fire: Shortbow          |   136 |   107 |    92 ||   335
  Evoke: Wand              |       |     4 |       ||     4
    Use: Scroll            |     7 |     3 |       ||    10
         Potion            |     1 |     4 |       ||     5
 Armour: Leather armour    |    12 |       |       ||    12
         Ring mail         |    32 |    51 |    49 ||   132
  Dodge: Dodged            |    35 |    38 |    24 ||    97
  Block: Other             |     8 |    17 |    20 ||    45

Table legend:
 A = Non-vault XP
 B = Vault XP
 C = Vault XP percentage of total XP
 D = Non-vault monster count
 E = Vault monster count
 F = Vault count percentage of total count
                 A         B        C        D         E       F
            +---------+---------+-------+---------+---------+-------
      Total |     688 |     363 |  34.5 |      80 |       4 |   4.8
            +---------+---------+-------+---------+---------+-------
        D:1 |      26 |       1 |   3.7 |      15 |       1 |   6.2
        D:2 |      49 |       1 |   2.0 |      21 |       1 |   4.5
        D:3 |      94 |     214 |  69.5 |      24 |       1 |   4.0
        D:4 |     519 |     147 |  22.1 |      20 |       1 |   4.8
            +---------+---------+-------+---------+---------+-------
